 Seeded DCSS version 0.31-a0-978-g1e143483b6 (webtiles) character file.

Game seed: 8018186927794829781 (custom seed)

38 timneilson the Changeling (level 3, 0/34 HPs)
             Began as an Octopode Shapeshifter on Oct 30, 2023.
             Slain by a gnoll
             ... wielding a +0 spear of flaming
              (1 damage)
             ... on level 2 of the Dungeon.
             The game lasted 00:01:34 (617 turns).

timneilson the Changeling (Octopode Shapeshifter)    Turns: 617, Time: 00:01:35

Health: 0/34       AC:  1    Str: 15    XL:     3   Next: 43%
Magic:  3/3        EV: 13    Int: 12    God:
Gold:   71         SH:  0    Dex: 11    Spells: 3/3 levels left

rFire   . .          .
                       - Unarmed
rCold   . . .        (no shield)
rNeg    . . .        (helmet currently unavailable)
rPois   .            (no amulet)
rElec   .            (no ring)
rCorr   .            (no ring)
SInv    .            (no ring)
Will    .....        (no ring) Stlth
                     (no ring)
HPRegen 0.25/turn    (no ring)
MPRegen 0.08/turn    (no ring)
                     (no ring)

%: no passive effects
@: berserking, beast-form, very quick
A: beast (slay +1), almost no armour, amphibious, 8 rings, camouflage 1,
gelatinous body 1, (nimble swimmer 1), tentacles
a: Begin Untransformation


You were on level 2 of the Dungeon.
You were a hulking beast.
You visited 1 branch of the dungeon, and saw 2 of its levels.

You collected 71 gold pieces.

Inventory:

Missiles
 e - 2 throwing nets
Talismans
 b - a beast talisman
 c - a flux talisman
Potions
 a - a potion of lignification
 d - a potion of degeneration {unknown}
 f - a potion of enlightenment
 k - a potion of haste {unknown}


   Skills:
 * Level 1.5 Fighting
 * Level 2.4 Dodging
 + Level 1.0 Stealth
 * Level 3.2 Unarmed Combat
 + Level 0.5 Spellcasting
 * Level 3.3 Shapeshifting


You had 3 spell levels left.
You didn't know any spells.
Your spell library was empty.

Dungeon Overview and Level Annotations

Branches:
Dungeon (2/15)

Altars:


Innate Abilities, Weirdness & Mutations

You are a hulking beast.
Your limbs bulge with bestial killing power. (Slay +1)
You cannot wear most types of armour.
You are amphibious.
You can wear up to eight rings at the same time.
Your skin changes colour to match your surroundings (Stealth+).
Your rubbery body absorbs attacks. (AC +1, EV +1)
((You are camouflaged when in or above water. (Stealth+)))
You have tentacles for arms and can constrict up to eight enemies at once.


Message History

d - a glowing white potion A quokka comes into view.
The helpless quokka fails to defend itself.
You tentacle-slap the quokka. Your grab misses the quokka.
You squeeze the quokka.
The quokka is almost dead.
The quokka closely misses you. x2
You barely miss the quokka. Your grab misses the quokka.
The quokka is almost dead.
The quokka bites you.
You tentacle-slap the quokka.
You kill the quokka!
You see here a quokka corpse. 2 gnolls come into view.
A gnoll is wielding a +0 club.
The gnoll shouts!
You hear a shout! x2
A gnoll comes into view. It is wielding a +0 spear of flaming.
The gnoll shouts!
You tentacle-slap the gnoll. You grab the gnoll.
The gnoll is moderately wounded.
You constrict the gnoll, but do no damage.
The gnoll hits you with a +0 club.
The gnoll hits you from afar with a +0 spear of flaming!
The gnoll burns you.
* * * LOW HITPOINT WARNING * * *
A red film seems to cover your vision as you go berserk!
You feel yourself moving faster!
You feel mighty!
You constrict the gnoll, but do no damage.
The gnoll barely misses you.
A gnoll comes into view. It is wielding a +0 flail.
The gnoll hits you from afar with a +0 spear of flaming.
* * * LOW HITPOINT WARNING * * *
The gnoll burns you.
* * * LOW HITPOINT WARNING * * *
You bludgeon the gnoll!
You kill the gnoll!
Your Stealth skill increases to level 1!
The gnoll hits you with a +0 spear of flaming.
* * * LOW HITPOINT WARNING * * *
The gnoll burns you.
You die...

.#.#.#.##.#.#
#.#
.#.#.#.##.#.#
#.#
.#.#......#.#
#.#
.#.###.####.#
#.#
.#........#.#
#.#
..........#.#
#.#
..######.##
#.# ..# .#
#.# ..# ..
#h# ### ..
#g# .#.


gg. ## ##### You could see 3 gnolls.

Vanquished Creatures
  A gnoll (D:2)
  3 endoplasms
  5 goblins (D:1)
  5 hobgoblins (D:1)
  2 kobolds
  A quokka (D:2)
  3 ball pythons
  3 bats (D:1)
  A frilled lizard (D:1)
  2 rats
26 creatures vanquished.

Notes
Turn   | Place    | Note
-------+----------+-------------------------------------------
     0 | D:1      | timneilson the Octopode Shapeshifter began the quest for
                  | the Orb.
     0 | D:1      | Reached XP level 1. HP: 13/13 MP: 1/1
    69 | D:1      | Found a faded altar of an unknown god.
   106 | D:1      | Reached XP level 2. HP: 18/18 MP: 2/2
   539 | D:2      | Reached XP level 3. HP: 23/23 MP: 3/3
   617 | D:2      | Reached skill level 1 in Stealth
   617 | D:2      | HP: 1/34 [gnoll/+0 spear of flaming (5)]
   617 | D:2      | Slain by a gnoll

Illustrated notes

Levels and vault maps discovered:
D:1:      ebering_trefoil_3fold, layout_rooms, ebering_ecumenical_altar_hall,
          nicolae_concentric_dashed_squares_mild
D:2:      layout_basic, uniq_natasha, uniq_terence

Skill      XL: |  1  2  3 |
---------------+----------+-----
Stealth        | 1 |  1.0
Fighting       | |  1.5
Dodging        | |  2.4
Unarmed Combat | |  3.2
Spellcasting   | |  0.5
Shapeshifting  | |  3.3

Action                     || total
---------------------------++-------
  Melee: Unarmed           ||    46
         Constrict         ||     9
         Tentacles         ||     7
    Use: Scroll            ||     5
         Potion            ||     1
   Stab: Sleeping          ||     7
 Armour: Skin              ||    16
  Dodge: Dodged            ||    20

Table legend: (Time is in decaauts)
 A = Elapsed time spent in this place.
 B = Non-inter-level travel time spent in this place.
 C = Inter-level travel time spent in this place.
 D = Time resting spent in this place.
 E = Time spent auto-exploring this place.
 F = Levels seen in this place.
 G = Mean time per level.
                   A        B        C        D        E       F      G
               +--------+--------+--------+--------+--------+-----+--------+
         Total |    614 |    601 |     13 |      0 |    401 |   2 |  307.0 |
       Dungeon |    614 |    601 |     13 |      0 |    401 |   2 |  307.0 |
               +--------+--------+--------+--------+--------+-----+--------+

Top non-repeatable levels by time:
     D:1: 522 daAuts
     D:2: 92 daAuts
